 Dungeon Crawl Stone Soup version 0.18-a0-1577-gf591c28 (webtiles) character file.

5016 Duffy the Arsonist (level 10, -8/76 HPs)
             Began as a Human Fire Elementalist on Mar 18, 2016.
             Was a Priest of Vehumet.
             Mangled by an orc warrior
             ... wielding a +0 halberd
              (15 damage)
             ... in a bailey.
             The game lasted 00:17:14 (11229 turns).

Duffy the Arsonist (Human Fire Elementalist)       Turns: 11229, Time: 00:17:14

Health: -8/76      AC: 14    Str:  8    XL:     10   Next: 84%
Magic:  1/18       EV:  9    Int: 17    God:    Vehumet [***...]
Gold:   327        SH:  2    Dex: 20    Spells: 4 memorised, 7 levels left

rFire  + . .     SeeInvis .     a - +3 hand axe "Ciymn" {freeze, Dex+4}
rCold  + . .     Gourm    .     T - +3 leather armour {rC+}
rNeg   + . .     Faith    .     (no shield)
rPois  .         Spirit   .     (no helmet)
rElec  .         Dismiss  .     h - +2 cloak {+Inv}
rCorr  .         Reflect  .     (no gloves)
SustAt .         Harm     .     y - +2 pair of boots
MR     .....                    A - amulet of regeneration
Stlth  ++........               t - ring of positive energy
                                U - ring of protection from fire

@: not resistant to hostile enchantments, unstealthy
A: large bone plates 1
a: Renounce Religion, Evoke Invisibility


You were in a bailey.
You worshipped Vehumet.
Vehumet was most pleased with you.
You were not hungry.

You visited 2 branches of the dungeon, and saw 11 of its levels.
You also visited: Bailey.

You collected 499 gold pieces.
You spent 172 gold pieces at shops.


Innate Abilities, Weirdness & Mutations

You are partially covered in large bone plates (AC +2, SH +2).


   Skills:
 + Level 5.7 Fighting
 + Level 4.4 Dodging
 - Level 2.0 Stealth
 - Level 5.5 Spellcasting
 - Level 9.0 Conjurations
 - Level 9.0 Fire Magic


You had 7 spell levels left.
You knew the following spells:

 Your Spells              Type           Power        Failure   Level  Hunger
a - Flame Tongue          Conj/Fire      #####        1%          1    None
j - Sticky Flame          Conj/Fire      #####...     1%          4    ####...
k - Fireball              Conj/Fire      #####.....   4%          5    ######.
l - Conjure Flame         Conj/Fire      #####...     1%          3    ##.....

Inventory:

Hand Weapons
 a - the +3 hand axe "Ciymn" (weapon) {freeze, Dex+4}

   It has been specially enchanted to freeze those struck by it, causing extra
   injury to most foes and up to half again as much damage against particularly
   susceptible opponents.
   It can also slow down cold-blooded creatures.
   It affects your dexterity (+4).
Missiles
 Q - 38 poisoned needles
Armour
 h - a +2 cloak of invisibility (worn)
 q - a +2 leather armour of magic resistance
 y - a +2 pair of boots (worn)
 T - a +3 leather armour of cold resistance (worn)
Magical Staves
 C - an uncursed staff of death
Jewellery
 e - a +3 ring of strength
 k - an uncursed amulet of dismissal
 n - an uncursed ring of stealth
 t - a ring of positive energy (right hand)
 A - an amulet of regeneration (around neck)
 K - a +3 amulet of reflection
 U - a ring of protection from fire (left hand)
Wands
 L - a wand of paralysis (0/24)
 N - a wand of iceblast (8/15)
 O - a wand of slowing (12/48)
 R - a wand of paralysis (0/24)
Scrolls
 d - 2 scrolls of random uselessness {unknown}
 g - a scroll of noise {unknown}
 j - 3 scrolls of remove curse
 l - 2 scrolls of teleportation
 m - 7 scrolls of recharging
 o - a scroll of immolation {unknown}
 p - 4 scrolls of blinking {unknown}
 s - a scroll of enchant weapon {unknown}
 x - 3 scrolls of amnesia
 F - 2 scrolls of magic mapping {unknown}
 G - a scroll of acquirement {unknown}
 J - a scroll of vulnerability {unknown}
 P - a scroll of holy word {unknown}
 S - a scroll of brand weapon {unknown}
Potions
 f - 3 potions of curing
 i - a potion of agility {unknown}
 u - 2 potions of flight
 v - 3 potions of heal wounds
 w - 2 potions of brilliance
 z - a potion of ambrosia
 E - a potion of berserk rage
Books
 b - a book of Flames
 I - the Almanac of Heat

   Spells                             Type                      Level
   a - Inner Flame                    Hexes/Fire                   3
   b - Ring of Flames                 Charms/Fire                  7
   c - Delayed Fireball               Conjuration/Fire             7
 V - a Necronomicon
Miscellaneous
 M - a phial of floods
Comestibles
 c - 5 bread rations
 r - 3 meat rations
 B - 14 fruits
 D - a slice of pizza
 H - a beef jerky

Dungeon Overview and Level Annotations

Branches:
Dungeon (10/15)            Temple (1/1) D:5            Lair (0/8) D:8
    Orc: D:9-12

Altars:
Ashenzari
Fedhas
Gozag
Kikubaaqudgha
Makhleb
Nemelex Xobeh
Sif Muna
Trog
Vehumet
Xom
Yredelemnul
Zin

Shops:
D:4 *   D:5 [


Message History

Aiming: Flame Tongue
Press: ? - help, Shift-Dir - straight line, f/p - orc warrior
Aim: an orc warrior, wearing a scale mail (heavily wounded, consumed by blood-lust, covered in liquid flames)
The flame tongue hits the orc warrior.
The orc warrior appears unharmed.
The orc warrior is heavily wounded.
The orc warrior burns!
The orc warrior stops burning.
The orc warrior hits you!
Cast which spell? (? or * to list)
You don't have enough magic to cast that spell.
You hit the orc warrior but do no damage.
The orc warrior is heavily wounded.
The helpless orc warrior fails to defend itself.
You hit the orc warrior. You freeze the orc warrior.
The orc warrior is heavily wounded.
The orc warrior misses you.
Evoke which item? (* to show all) (? for menu, Esc to quit)
Zapping:
L - a wand of paralysis {zapped: 7} (will waste charges)
Press: ? - help, Shift-Dir - straight line, f/p - orc warrior
Aim: an orc warrior, wearing a scale mail (heavily wounded, consumed by blood-lust, chance to defeat MR: 46%)
The orc warrior resists with some effort.
Evoking this partially-identified wand wasted a few charges.
The orc warrior hits you.
Evoke which item? (* to show all) (? for menu, Esc to quit)
Zapping:
L - a wand of paralysis {zapped: 10} (will waste charges)
Press: ? - help, Shift-Dir - straight line, f/p - orc warrior
Aim: an orc warrior, wearing a scale mail (heavily wounded, consumed by blood-lust, chance to defeat MR: 46%) Nothing appears to happen.
The orc warrior hits you!
The orc warrior wields an uncursed arbalest.
The orc warrior shoots a bolt.
The bolt hits you!
You hear a shout! x2
Your magical contamination has completely faded away.
There is a gate leading back out of this place, spattered with blood here.
You see here a bolt.
The orc warrior is no longer paralysed.
The orc warrior hits you from afar with a halberd!
You die...

#### ##\## #####
....##...##.....
~~~..#...#..~~~.
~o~~.......~~o~~
oo~.......~ooo~
o~~.......~~o~~
#oo(# #.\.#
##@## ###


You could see 2 orc warriors.

Action                   |  1- 3 |  4- 6 |  7- 9 | 10-12 || total
-------------------------+-------+-------+-------+-------++-------
Melee: Whip              |       |     4 |    18 |       ||    22
       Hand axe          |       |       |    38 |     6 ||    44
 Cast: Flame Tongue      |    53 |    82 |   206 |   141 ||   482
       Conjure Flame     |       |     4 |     9 |     8 ||    21
       Sticky Flame      |       |       |    12 |     6 ||    18
       Fireball          |       |       |       |     1 ||     1
Evoke: Wand              |       |       |       |     8 ||     8
  Use: Scroll            |       |       |     8 |     2 ||    10
       Potion            |       |       |     2 |     1 ||     3
 Stab: Sleeping          |       |       |     1 |       ||     1
       Paralysed         |       |       |       |     3 ||     3
  Eat: Chunk             |     3 |     8 |    12 |     6 ||    29
       Fruit             |       |       |     4 |     4 ||     8
       Bread ration      |       |       |     1 |       ||     1

Notes
Turn   | Place    | Note
--------------------------------------------------------------
     0 | D:1      | Duffy the Human Fire Elementalist began the quest for the Orb.
     0 | D:1      | Reached XP level 1. HP: 13/13 MP: 3/3
   361 | D:1      | Reached skill level 2 in Conjurations
   361 | D:1      | Reached XP level 2. HP: 19/19 MP: 1/5
   996 | D:1      | Reached XP level 3. HP: 24/24 MP: 4/6
  1020 | D:1      | Learned a level 3 spell: Conjure Flame
  1159 | D:2      | Reached skill level 3 in Conjurations
  1490 | D:2      | Reached XP level 4. HP: 28/30 MP: 3/7
  1581 | D:2      | Noticed Ijyb
  1594 | D:2      | Killed Ijyb
  2044 | D:2      | Found a burning altar of Makhleb.
  2047 | D:2      | Reached XP level 5. HP: 35/35 MP: 4/8
  2057 | D:2      | Learned a level 4 spell: Sticky Flame
  2279 | D:3      | Noticed an ogre
  2520 | D:3      | Killed an ogre
  2520 | D:3      | Reached skill level 3 in Spellcasting
  2520 | D:3      | Reached XP level 6. HP: 41/41 MP: 0/11
  2631 | D:3      | Found a radiant altar of Vehumet.
  2636 | D:3      | Became a worshipper of Vehumet
  2698 | D:3      | Noticed an ogre
  2789 | D:3      | Killed an ogre
  2789 | D:3      | Reached skill level 4 in Conjurations
  2789 | D:3      | Reached skill level 4 in Fire Magic
  3715 | D:4      | Found a shattered altar of Ashenzari.
  3753 | D:4      | Reached XP level 7. HP: 46/46 MP: 8/12
  3972 | D:3      | Reached * piety under Vehumet
  3972 | D:3      | Offered knowledge of Sting by Vehumet.
  4364 | D:4      | Found a basalt altar of Yredelemnul.
  4484 | D:4      | Found Siziwesa's General Store.
  4545 | D:4      | Bought a scroll of teleportation for 39 gold pieces
  4545 | D:4      | Bought a potion of curing for 39 gold pieces
  4545 | D:4      | Bought a potion of degeneration for 13 gold pieces
  4692 | D:4      | Reached skill level 4 in Spellcasting
  4692 | D:4      | Reached skill level 5 in Fire Magic
  4787 | D:4      | Found an opulent altar of Gozag.
  5009 | D:5      | Entered Level 5 of the Dungeon
  5022 | D:5      | Found a staircase to the Ecumenical Temple.
  5031 | D:5      | Got a transparent hand axe
  5105 | D:5      | Noticed Duvessa
  5105 | D:5      | Noticed Dowan
  5134 | Temple   | Entered the Ecumenical Temple
  5356 | D:5      | Reached skill level 5 in Conjurations
  5422 | D:5      | Noticed Eustachio
  5433 | D:5      | Killed Eustachio
  5433 | D:5      | Reached XP level 8. HP: 48/52 MP: 5/14
  5660 | D:5      | Reached skill level 6 in Fire Magic
  5812 | D:4      | Killed Duvessa
  5812 | D:4      | Reached skill level 6 in Conjurations
  5815 | D:4      | Killed Dowan
  5896 | D:5      | Identified the cursed +3 hand axe "Ciymn" {freeze, Dex+4} (You found it on level 5 of the Dungeon)
  5992 | D:5      | Found a bloodstained altar of Trog.
  6049 | D:5      | Found Lurphajue's Antique Armour Boutique.
  6086 | D:5      | Bought a glowing cloak for 81 gold pieces
  6657 | D:6      | Found a deep blue altar of Sif Muna.
  6899 | D:6      | Found an ancient bone altar of Kikubaaqudgha.
  6927 | D:6      | Reached skill level 7 in Fire Magic
  7031 | D:6      | Reached skill level 7 in Conjurations
  7126 | D:6      | Reached XP level 9. HP: 57/57 MP: 10/15
  7307 | D:6      | Found a blossoming altar of Fedhas.
  7924 | D:7      | Reached skill level 8 in Fire Magic
  8020 | D:7      | Reached skill level 8 in Conjurations
  8033 | D:7      | Reached ** piety under Vehumet
  8033 | D:7      | Offered knowledge of Freeze by Vehumet.
  8137 | D:7      | Identified the Almanac of Heat (You found it on level 7 of the Dungeon)
  8554 | D:7      | Found a glowing silver altar of Zin.
  8554 | D:7      | Noticed an angel
  8555 | D:7      | Found a shimmering altar of Xom.
  8908 | D:8      | Found a staircase to the Lair.
  8921 | D:8      | Reached skill level 9 in Fire Magic
  9048 | D:8      | Found a sparkling altar of Nemelex Xobeh.
  9115 | D:8      | Reached skill level 9 in Conjurations
  9156 | D:8      | Reached XP level 10. HP: 60/64 MP: 13/16
  9163 | D:8      | Learned a level 5 spell: Fireball
  9187 | D:8      | Reached skill level 1 in Fighting
  9189 | D:8      | Reached skill level 2 in Fighting
  9194 | D:8      | Reached skill level 3 in Fighting
  9194 | D:8      | Reached skill level 5 in Spellcasting
  9673 | D:8      | Offered knowledge of Static Discharge by Vehumet.
  9847 | D:9      | Reached skill level 4 in Fighting
  9900 | D:9      | Gained mutation: You are partially covered in large bone plates (AC +2, SH +2). [potion of beneficial mutation]
 10331 | D:9      | Reached skill level 3 in Dodging
 10686 | D:9      | Reached *** piety under Vehumet
 10924 | D:10     | Entered Level 10 of the Dungeon
 10929 | D:9      | Reached skill level 5 in Fighting
 10978 | D:10     | Reached skill level 4 in Dodging
 11017 | D:10     | Found a flagged portal.
 11135 | Bailey   | Entered a bailey
 11135 | Bailey   | Noticed an orc knight
 11229 | Bailey   | Mangled by an orc warrior

Vault maps used:
D:1:      dpeg_arrival_boxes_within_box
D:2:      makhleb_blood_cavern_becter, uniq_iyjb
D:3:      vehumet_crystals
D:4:      ashenzari_conservatory_becter, nicolae_gozag_seed_capital,
          overflow_temple_1_default, serial_shops, shop
D:5:      lightli_temple_of_fire, minmay_temple_entry_junction2, serial_shops,
          nicolae_shop_stone, first_bread, serial_park_tiny_2, minivault_5,
          uniq_eustachio, uniq_duvessa
D:6:      fedhas_bush_and_centaur_altar, overflow_temple_1_default, basic_altar,
          hangedman_abyss_or_decor_stabs
D:7:      grunt_temple_overflow_order_and_chaos_1
D:8:      nemelex_deck, lair_0_dummy
D:10:     kennysheep_blocky_room, orc_0_dummy, enter_bailey_2
Temple:   corrupted_temple
Bailey:   bailey_polearm_4, bailey

Vanquished Creatures
  7 yaks Eustachio
  A hungry ghost Duvessa
  An orc warrior
  4 ice beasts
  2 phantoms
  A sky beast
  A black bear
  6 ogres
  5 centaurs
  A big kobold
  4 giant frogs Dowan
  4 scorpions
  A water moccasin skeleton
  5 killer bees
  A howler monkey
  2 crimson imps
  2 giant frog zombies
  A quasit
  4 jellies
  3 orc wizards
  2 orc priests
  A gnoll shaman
  4 hounds
  2 giant frog skeletons
  2 iguanas Ijyb
  3 worker ants
  A hound zombie
  A howler monkey zombie
  A worker ant zombie
  7 adders
  6 gnolls
  A shadow imp
  2 oozes
  2 adder skeletons
  2 worms
  A giant gecko
  22 orcs
  12 bats
  4 giant cockroaches
  4 goblins
  7 hobgoblins
  5 jackals
  3 quokkas
  A ball python
  A giant gecko zombie
  3 giant newts
  2 jackal skeletons
  8 kobolds
  7 rats
177 creatures vanquished.
